 Dungeon Crawl Stone Soup version 0.28.0-53-g5a82cb258f (webtiles) character file.

Game seed: 4175664570552250696

2196 Peloso the Carver (level 9, 0/60 (77) HPs)
             Began as a Minotaur Fighter on July 18, 2022.
             Was a Follower of Okawaru.
             Slain by a wight
             ... wielding a +0 battleaxe
              (4 damage)
             ... on level 6 of the Dungeon.
             The game lasted 00:10:44 (7588 turns).

Peloso the Carver (Minotaur Fighter)                Turns: 7588, Time: 00:10:45

HP:   0/60 (77)     AC: 13    Str: 23    XL:     9   Next: 12%
MP:   8/8           EV:  9    Int:  5    God:    Okawaru [*.....]
Gold: 317           SH:  5    Dex: 12    Spells: 8/8 levels left

rFire   . . .      SeeInvis .   a - +0 long sword
rCold   . . .      Faith    .   c - +0 buckler
rNeg    . . .      Spirit   .   o - +2 chain mail {Will+}
rPois   .          Reflect  .   (helmet restricted)
rElec   .          Harm     .   (no cloak)
rCorr   .          Rampage  .   (no gloves)
Will    +....                   (no boots)
Stlth   ..........              (no amulet)
HPRegen 0.20/turn               (no ring)
MPRegen 0.11/turn               (no ring)

@: heavily drained
A: horns 2, retaliatory headbutt
a: Renounce Religion, Heroism


You were on level 6 of the Dungeon.
You worshipped Okawaru.
Okawaru was aware of your devotion.
You visited 2 branches of the dungeon, and saw 8 of its levels.

You collected 317 gold pieces.

Inventory:

Hand Weapons
 a - a +0 long sword (weapon)
Missiles
 s - 2 throwing nets (quivered)
Armour
 b - a +0 scale mail
 c - a +0 buckler (worn)
 o - a +2 chain mail of willpower (worn)
 r - a +0 chain mail of fire resistance
Jewellery
 y - a ring of protection from cold
Wands
 k - a wand of polymorph (5)
Scrolls
 e - 2 scrolls of immolation
 h - a scroll of holy word {unknown}
 m - a scroll of enchant weapon {unknown}
 p - 2 scrolls of teleportation {unknown}
 q - 2 scrolls of fear {unknown}
 t - a scroll of torment {unknown}
 v - a scroll of enchant armour {unknown}
 x - 2 scrolls of vulnerability {unknown}
 z - a scroll of fog
Potions
 d - 3 potions of might
 f - a potion of curing
 g - a potion of resistance
 i - 2 potions of magic
 j - 2 potions of brilliance
 l - 3 potions of haste {unknown}
 n - a potion of flight {unknown}
 u - 2 potions of lignification {unknown}
 w - a potion of berserk rage {unknown}


   Skills:
 + Level 6.3 Fighting
 + Level 9.2 Long Blades
 + Level 8.7 Armour
 + Level 3.0 Dodging
 + Level 0.5 Stealth
 + Level 6.3 Shields


You had 8 spell levels left.
You didn't know any spells.
Your spell library was empty.

Dungeon Overview and Level Annotations

Branches:
Dungeon (7/15)             Temple (1/1) D:6

Altars:
Ashenzari
Cheibriados
Dithmenos
Fedhas
Kikubaaqudgha
Makhleb
Okawaru
Qazlal
Sif Muna
Trog
Wu Jian
Xom
The Shining One


Innate Abilities, Weirdness & Mutations

You have a pair of horns on your head.
You reflexively headbutt those who attack you in melee.


Message History

There is an open door here.
The wight hits you with a +0 battleaxe!
You feel drained.
You hit the wight but do no damage. You hit the wight.
Your headbutt misses the wight.
The wight is moderately damaged.
The wight hits you with a +0 battleaxe.
You hit the wight but do no damage.
The wight is moderately damaged.
The wight hits you with a +0 battleaxe! The wight hits you but does no damage.
You hit the wight.
The wight is moderately damaged.
The wight closely misses you. You furiously retaliate!
You headbutt the wight, but do no damage.
You block the wight's attack.
You closely miss the wight.
The wight is moderately damaged.
The wight hits you with a +0 battleaxe.
You feel drained.
The wight hits you from afar with a +3 spear!
You feel drained.
You hit the wight.
The wight is heavily damaged.
The wight hits you with a +0 battleaxe.
The wight hits you from afar with a +3 spear.
* * * LOW HITPOINT WARNING * * *
You barely miss the wight.
The wight is heavily damaged.
The wight hits you with a +0 battleaxe!
* * * LOW HITPOINT WARNING * * *
You feel drained.
* * * LOW HITPOINT WARNING * * *
You block the wight's attack.
Found a stone staircase leading down.
Okay, then.
Okay, then.
There is a stone staircase leading up here.
The wight barely misses you.
You climb upwards.
There is a stone staircase leading down here.
The wight hits you with a +0 battleaxe.
You die...

#..........# #(.........#
###### ####..##...##
###....## ##..#####..####
#...##..###..(....#.....##
##.#####...#[....<........##
###..# ###.#...............#
#...## #.#..^............#
###.### #..@z.............##
....# #..................#
.#### #.#..>.............#
...# ###.##.............#.#
##.# #....##.....#.....##.#
#.##
###.##.#####..###..###.#
#..### #...##.## #.## ##.#
#.# ##...####.####..##
###########.# ###..##..#
##..######.....####


You could see a wight.

Vanquished Creatures
  A centaur zombie (D:7)
  2 water moccasins
  Duvessa (D:4)
  A hornet zombie (D:6)
  A centaur (D:7)
  3 ogres
  A scorpion (D:5)
  A water moccasin zombie (D:6)
  A wyvern zombie (D:6)
  Dowan (D:4)
  A water moccasin skeleton (D:5)
  5 wights
  2 howler monkeys (D:6)
  An orc priest (D:3)
  A bullfrog skeleton (D:4)
  2 bullfrog zombies (D:6)
  A centaur skeleton (D:5)
  4 hounds
  A gnoll shaman (D:4)
  An iguana (D:6)
  2 orc wizards
  A howler monkey zombie (D:7)
  9 gnolls
  A howler monkey skeleton (D:4)
  3 adders
  A shadow imp (D:5)
  2 ufetubi
  A worm (D:4)
  4 dart slugs
  10 orcs
  An endoplasm (D:1)
  4 giant cockroaches
  12 goblins
  5 hobgoblins
  4 kobolds
  A quokka (D:1)
  7 ball pythons
  4 bats
  3 frilled lizards
  7 rats
114 creatures vanquished.

Notes
Turn   | Place    | Note
-------+----------+-------------------------------------------
     0 | D:1      | Peloso the Minotaur Fighter began the quest for the Orb.
     0 | D:1      | Reached XP level 1. HP: 19/19 MP: 0/0
   138 | D:1      | Reached XP level 2. HP: 22/27 MP: 1/1
   670 | D:1      | Reached XP level 3. HP: 29/33 MP: 2/2
  1003 | D:2      | Reached skill level 3 in Long Blades
  1191 | D:2      | Reached XP level 4. HP: 38/40 MP: 3/3
  1657 | D:3      | Noticed a water moccasin
  1664 | D:3      | Killed a water moccasin
  1665 | D:3      | Reached skill level 4 in Long Blades
  1665 | D:3      | Reached skill level 5 in Armour
  1665 | D:3      | Reached skill level 1 in Dodging
  1665 | D:3      | Reached XP level 5. HP: 47/47 MP: 4/4
  1803 | D:3      | Reached skill level 5 in Long Blades
  1803 | D:3      | Reached XP level 6. HP: 30/53 MP: 5/5
  3138 | D:4      | Noticed Duvessa
  3139 | D:4      | Noticed Dowan
  3349 | D:4      | Killed Duvessa
  3350 | D:4      | Reached skill level 6 in Long Blades
  3350 | D:4      | Reached XP level 7. HP: 50/60 MP: 6/6
  3556 | D:4      | Killed Dowan
  3557 | D:4      | Reached skill level 5 in Fighting
  4199 | D:5      | Entered Level 5 of the Dungeon
  4302 | D:5      | Reached skill level 5 in Shields
  5098 | D:5      | Reached skill level 7 in Long Blades
  5600 | D:6      | Reached XP level 8. HP: 60/69 MP: 7/7
  6008 | D:6      | Reached skill level 8 in Long Blades
  6239 | D:6      | Found a staircase to the Ecumenical Temple.
  6252 | Temple   | Entered the Ecumenical Temple
  6276 | Temple   | Became a worshipper of Warmaster Okawaru
  6667 | D:7      | HP: 2/69 [centaur warrior zombie (6)]
  6992 | D:7      | Reached * piety under Okawaru
  6993 | D:7      | Reached skill level 9 in Long Blades
  6993 | D:7      | Reached XP level 9. HP: 40/75 MP: 8/8
  7573 | D:7      | HP: 1/60 [wight/+0 battleaxe (4)]
  7588 | D:6      | Slain by a wight

Illustrated notes

Levels and vault maps discovered:
D:1:      erik_arrival_orb_chamber, layout_loops_ring,
          chequers_serial_rivers_micro_d, chequers_serial_rivers_marsh,
          minivault_11, serial_bayou_crossing
D:2:      layout_rooms, minmay_misc_feat_nine_boxes
D:3:      layout_basic, cheibrodos_gnoll_hut
D:4:      layout_basic, uniq_duvessa
D:5:      layout_basic, kennysheep_flooded_box
D:6:      layout_rooms, minmay_temple_entry_antechambers
D:7:      layout_gridville
Temple:   nicolae_temple_the_god_donut

Skill      XL: |  1  2  3  4  5  6  7  8 |
---------------+-------------------------+-----
Armour         | 4 5 6 8 |  8.7
Shields        | 4 5 6 |  6.3
Long Blades    | 3 4 5 6 7 9 |  9.2
Fighting       | 4 5 6 |  6.3
Dodging        | 1 2 3 |  3.0
Stealth        | |  0.5

Action                   |  1- 3 |  4- 6 |  7- 9 || total
-------------------------+-------+-------+-------++-------
Melee: Long sword        |    73 |   123 |   199 ||   395
       Headbutt          |    10 |    16 |    36 ||    62
       Unarmed           |       |     2 |       ||     2
  Use: Scroll            |     2 |     4 |     1 ||     7
       Potion            |       |       |     1 ||     1
Armor: Scale mail        |    37 |    50 |     5 ||    92
       Skin              |       |    25 |       ||    25
       Chain mail        |       |       |   133 ||   133
Dodge: Dodged            |    38 |    70 |    86 ||   194
Block: Buckler           |    17 |    34 |    60 ||   111
